 Dungeon Crawl Stone Soup version 0.30-a0-916-g9813417 (webtiles) character file.

Game seed: 17431051666228231195

11211 Dorkslayer the Basher (level 11, -11/67 HPs)
             Began as a Gargoyle Fighter on Apr 17, 2023.
             Was an Initiate of Gozag.
             Killed from afar by alcopop's ghost (34 damage)
             ... with a fireball
             ... on level 10 of the Dungeon.
             The game lasted 00:40:14 (9381 turns).

Dorkslayer the Basher (Gargoyle Fighter)            Turns: 9381, Time: 00:40:15

Health: -11/67     AC: 40    Str: 34    XL:     11   Next: 74%
Magic:  11/11      EV:  7    Int: 13    God:    Gozag
Gold:   1802       SH:  6    Dex: 13    Spells: 10/10 levels left

rFire   . . .      SeeInvis .    K - +11 morningstar of Punishment {protect, rC+ Will+ Int+3}
rCold   + . .      Faith    .    R - +1 buckler of Fiopsacs {Str+6}
rNeg    + . .      Spirit   .    T - +0 crystal plate armour
rPois   ∞          Reflect  .    d - +0 helmet
rElec   +          Rampage  .    (no cloak)
rCorr   .                        S - +1 pair of gloves {Str+3}
Will    ++...                    f - +1 pair of boots
Stlth   x                          - amulet of the acrobat
HPRegen 0.31/turn                q - ring "Xius" {rElec Str+6}
MPRegen 0.12/turn                n - ring of willpower

@: under a protective aura, studying Maces & Flails
A: sickness immunity, AC +8, negative energy resistance 1, electricity
resistance, torment resistance 1, petrification resistance
a: Renounce Religion, Potion Petition, Call Merchant, Bribe Branch


You were on level 10 of the Dungeon.
You worshipped Gozag.
Gozag was most pleased with you.
You visited 2 branches of the dungeon, and saw 11 of its levels.
You also visited: Ossuary and Bailey.

You collected 2880 gold pieces.
You spent 841 gold pieces at shops.
You paid 237 gold pieces to Gozag.

Inventory:

Hand Weapons
 a - a +0 war axe of freezing
 r - the +3 spear of Pihyneept {holy, rElec}
   (You found it on level 3 of the Dungeon)

   rElec:     It insulates you from electricity.
 t - a +4 hand axe of draining
 K - the +11 morningstar of Punishment (weapon) {protect, rC+ Will+ Int+3}
   (You found it on level 7 of the Dungeon)

   Int:       It affects your intelligence (+3).
   rC:        It protects you from cold.
   Will:      It increases your willpower.
 L - the +5 mace of the Demagogue {pain, rC+ rN+ SInv Stlth+}
   (You bought it in a shop on level 1 of the Dungeon)

   rC:        It protects you from cold.
   rN:        It protects you from negative energy.
   SInv:      It lets you see invisible.
   Stlth:     It makes you more stealthy.
 U - the +7 bardiche of Analysis {venom, rPois rN++ Int+5}
   (You found it in a bailey)

   Int:       It affects your intelligence (+5).
   rPois:     It protects you from poison.
   rN:        It greatly protects you from negative energy.
Missiles
 c - 26 javelins
 l - 16 boomerangs
 P - a curare-tipped dart (quivered)
Armour
 d - a +0 helmet (worn)
 f - a +1 pair of boots (worn)
 M - a +2 chain mail of fire resistance
 R - the +1 buckler of Fiopsacs (worn) {Str+6}
   (You found it on level 9 of the Dungeon)

   Str:       It affects your strength (+6).
 S - a +1 pair of gloves of strength (worn)
 T - a +0 crystal plate armour (worn)
Jewellery
 n - a ring of willpower (right hand)
 q - the ring "Xius" (left hand) {rElec Str+6}
   (You found it on level 3 of the Dungeon)

   [ring of strength]

   Str:       It affects your strength (+6).
   rElec:     It insulates you from electricity.
 x - an amulet of the acrobat (around neck)
Wands
 b - a wand of quicksilver (8)
 h - a wand of flame (107)
 k - a wand of mindburst (13)
 o - a wand of charming (7)
 O - a wand of roots (2)
Scrolls
 e - 2 scrolls of fog
 m - 7 scrolls of teleportation
 p - 2 scrolls of blinking
 w - 4 scrolls of enchant armour
 y - 2 scrolls of fear
 E - a scroll of butterflies
 F - a scroll of poison
 G - a scroll of enchant weapon
 I - 2 scrolls of magic mapping
 N - a scroll of identify
 Q - a scroll of silence
Potions
 g - a potion of heal wounds
 i - a potion of berserk rage
 j - 3 potions of cancellation
 s - a potion of haste
 u - 2 potions of magic
 v - a potion of lignification
 z - 2 potions of might
 A - 3 potions of brilliance
 B - a potion of invisibility
 C - 2 potions of flight
 D - 2 potions of resistance
 H - 2 potions of attraction
 J - 5 potions of curing
 V - a potion of mutation {unknown}


   Skills:
 + Level 7.2 Fighting
 - Level 5.8(9.6) Axes
 * Level 10.3(11.1) Maces & Flails
 - Level 7.2(8.1) Polearms
 + Level 2.5 Throwing
 + Level 8.3 Armour
 + Level 4.1 Dodging
 + Level 2.5 Stealth
 + Level 7.0 Shields
 * Level 7.0 Evocations


You had 10 spell levels left.
You didn't know any spells.
Your spell library contained the following spells:

 Spells                   Type           Power      Damage    Failure   Level
 Apportation              Tloc           0%         N/A       100%        1
 Dazzling Flash           Conj/Hex       0%         N/A       100%        3
 Agony                    Necr           0%         N/A       100%        5
 Alistair's Intoxication  Tmut/Pois      0%         N/A       100%        5
 Silence                  Hex/Air        0%         N/A       100%        5


Dungeon Overview and Level Annotations

Branches:
Dungeon (10/15)            Temple (1/1) D:7            Lair (0/5) D:10
    Orc (0/2) D:10        Ossuary (visited)          Bailey (visited)

Altars:
Ashenzari
Cheibriados
Dithmenos
Elyvilon
Fedhas
Gozag
Hepliaklqana
Kikubaaqudgha
Makhleb
Nemelex Xobeh
Okawaru
Qazlal
Ru
Sif Muna
Trog
Uskayaw
Vehumet
Xom
Yredelemnul
The Shining One

Shops:
D:1 *:?(

Annotations:
D:1 1 transporter
D:10 alcopop's ghost, journeyman DjTm
Temple 2 transporters


Innate Abilities, Weirdness & Mutations

You are immune to sickness and miasma.
Your stone body is resilient. (AC +8)
You are immune to poison.
You resist negative energy. (rN+)
You are resistant to electric shocks. (rElec)
You are resistant to unholy torment.
You are immune to petrification.


Message History

You now have 1783 gold pieces (gained 14).
You now have 1789 gold pieces (gained 6).
m - 7 scrolls of teleportation (gained 1)
You now have 1802 gold pieces (gained 13).
You open the door.
Alcopop's ghost gestures at you while chanting.
The stone arrow misses you. You block alcopop's ghost's attack.
There is an open translucent door here.
You hit alcopop's ghost.
Your weapon exudes an aura of protection.
Alcopop's ghost is lightly damaged.
Alcopop's ghost hits you but does no damage.
You closely miss alcopop's ghost.
Alcopop's ghost is lightly damaged.
Alcopop's ghost hits you.
You closely miss alcopop's ghost.
Alcopop's ghost is lightly damaged.
Alcopop's ghost hits you.
You hit alcopop's ghost.
Your weapon exudes an aura of protection.
Alcopop's ghost is lightly damaged.
Alcopop's ghost completely misses you.
You hit alcopop's ghost but do no damage.
Alcopop's ghost is lightly damaged.
Alcopop's ghost says, "I was like you once."
Alcopop's ghost casts a spell at you. The stone arrow hits you!!!
Ouch! That really hurt!
You barely miss alcopop's ghost.
Alcopop's ghost is lightly damaged.
Alcopop's ghost points at you and mumbles some strange words.
The stone arrow misses you.
You thump alcopop's ghost!
Alcopop's ghost is moderately damaged.
Alcopop's ghost casts a spell at you.
The fireball explodes!
The fireball engulfs you!!
Ouch! That really hurt!
You die...
Your body crumbles into a pile of gold.

.#..######...#########,,*,,,*,,,,
.....................#***,,*****+
............<........#,,*,,,,,,,,
#....................#,,*,,,,,,,,
.....................#,,+,,,,,,,,
.....................#,,*,,,,,,,,
.....#..........####.#,,*********
................#..#,#,,,,,,*,,*,
.......#........@W8#,*,,,,,,*,,*,
,#.....#........#$P#,*,,,,,,*,,*,
***#.....###########,********,>*,
,*##.......#,,,,,,,,,,,,,,,,*,,,,
,,#..#.....#,,,,,,,,,,,,,,,,*,,**
...........#,,,,,,,,,,,,,,,,+,,*,
..#.....#..#,,,,,,,,,,,,,,,,*,,*,
.##..#...#+#*+*****+**,,*********
#*#......#,,*,,,,,,,,*,,,,,,,,*,,


You could see alcopop's ghost.

Vanquished Creatures
  Pikel (D:4)
  A cyclops (D:8)
  A gargoyle (D:9)
  A rime drake (D:10)
  Psyche (D:8)
  A polar bear (shapeshifter) (D:8)
  Sigmund (D:5)
  7 yaks (D:9)
  Eustachio (D:4)
  3 steam dragons
  A water moccasin (D:8)
  7 ice beasts
  11 orc warriors
  2 sky beasts (D:8)
  3 black bears
  2 ogres
  3 wolves (D:10)
  15 centaurs
  2 phantoms (D:6)
  A kobold brigand (D:9)
  3 bullfrogs
  2 scorpions
  A gnoll sergeant (D:7)
  7 wights
  2 killer bees (D:8)
  A howler monkey (D:5)
  A jelly (D:7)
  6 orc priests
  4 hounds
  2 sleepcaps
  3 iguanas
  Natasha (twice) (D:4)
  11 orc wizards
  8 mummies (Ossuary)
  Robin (D:3)
  12 gnolls
  8 adders
  A shadow imp (D:5)
  A white imp (D:7)
  2 ufetubi (D:6)
  3 worms (D:2)
  56 orcs
  7 ball pythons
  7 endoplasms
  A giant cockroach (D:1)
  18 goblins
  9 hobgoblins
  2 jackals (D:3)
  4 quokkas
  8 bats
  7 frilled lizards
  18 kobolds
  4 kobold zombies (Ossuary)
  4 orc zombies (Ossuary)
  3 rats
294 creatures vanquished.

Vanquished Creatures (collateral kills)
  A cyclops (D:8)
  A black bear (D:8)
2 creatures vanquished.

Vanquished Creatures (others)
  A gnoll sergeant (D:8)
  2 orcs
  3 fungi (D:3)
  3 plants (D:3)
  A withered plant (D:10)
10 creatures vanquished.

Grand Total: 306 creatures vanquished

Notes
Turn   | Place    | Note
-------+----------+-------------------------------------------
     0 | D:1      | Dorkslayer the Gargoyle Fighter began the quest for the
                  | Orb.
     0 | D:1      | Reached XP level 1. HP: 14/14 MP: 1/1
    83 | D:1      | Reached XP level 2. HP: 19/19 MP: 2/2
   100 | D:1      | Found Locolow's Book Boutique.
   212 | D:1      | Found Meyxus's General Store.
   332 | D:1      | Found Jevup's Magic Scroll Shop.
   369 | D:1      | Reached XP level 3. HP: 23/23 MP: 3/3
   582 | D:1      | Found Zeshirhurph's Antique Weapon Emporium.
   943 | D:2      | Reached XP level 4. HP: 29/29 MP: 4/4
  1298 | D:3      | Noticed Robin
  1315 | D:3      | Killed Robin
  1462 | D:3      | Reached XP level 5. HP: 19/33 MP: 5/5
  1492 | D:3      | Identified the ring "Xius" {rElec Str+6}
  1509 | D:3      | Identified the +3 spear of Pihyneept {holy, rElec}
  1924 | D:3      | Found a faded altar of an unknown god.
  2007 | D:4      | Reached skill level 1 in Dodging
  2013 | D:4      | Noticed Pikel
  2013 | D:4      | Noticed a lemure
  2014 | D:4      | Noticed a lemure
  2017 | D:4      | Noticed a lemure
  2019 | D:4      | Noticed a lemure
  2029 | D:4      | Reached skill level 1 in Polearms
  2029 | D:4      | Reached XP level 6. HP: 10/38 MP: 6/6
  2029 | D:4      | Killed Pikel
  2030 | D:4      | Reached skill level 5 in Armour
  2030 | D:4      | Reached XP level 7. HP: 12/43 MP: 7/7
  2069 | D:4      | Found a sand-covered staircase.
  2077 | Ossuary  | Entered an ossuary
  2516 | Ossuary  | Reached XP level 8. HP: 48/48 MP: 8/8
  2778 | D:4      | Found the +7 Throatcutter {drain, coup de grace}
  3021 | D:4      | Noticed Eustachio
  3101 | D:4      | Killed Eustachio
  3102 | D:4      | Reached skill level 1 in Evocations
  3289 | D:4      | Noticed Natasha
  3297 | D:4      | Killed Natasha
  3322 | D:4      | Noticed Natasha
  3332 | D:4      | Killed Natasha
  3398 | D:5      | Entered Level 5 of the Dungeon
  3405 | D:5      | Reached skill level 5 in Axes
  3405 | D:5      | Reached skill level 5 in Evocations
  3405 | D:5      | Reached XP level 9. HP: 56/56 MP: 9/9
  3472 | D:5      | Found the +0 toga "Victory" {*Victory Clar}
  3523 | D:5      | Noticed Sigmund
  3570 | D:5      | Killed Sigmund
  5123 | D:7      | Identified the +11 morningstar of Punishment {protect, rC+
                  | Will+ Int+3}
  5172 | D:7      | Reached XP level 10. HP: 48/61 MP: 10/10
  5319 | D:7      | Reached skill level 1 in Maces & Flails
  5483 | D:7      | Reached skill level 2 in Maces & Flails
  5577 | D:7      | Found a shimmering altar of Xom.
  5578 | D:7      | Found a basalt altar of Yredelemnul.
  5893 | D:7      | Found a staircase to the Ecumenical Temple.
  5902 | Temple   | Entered the Ecumenical Temple
  5902 | Temple   | Found a transporter.
  5902 | Temple   | Found a transporter.
  5904 | Temple   | Found a transporter.
  5904 | Temple   | Found a transporter.
  5918 | Temple   | Became a worshipper of Gozag Ym Sagoz the Greedy
  6051 | D:8      | Noticed a cyclops
  6053 | D:8      | Noticed a cyclops
  6059 | D:8      | Reached skill level 3 in Maces & Flails
  6075 | D:8      | Killed a cyclops
  6095 | D:8      | Killed a cyclops
  6096 | D:8      | Reached skill level 4 in Maces & Flails
  6275 | D:8      | Noticed Psyche
  6282 | D:8      | Killed Psyche
  6578 | D:8      | Identified the +2 sling of Light {freeze, rN+ Stlth+}
  6640 | D:8      | Reached skill level 5 in Maces & Flails
  6918 | D:8      | Identified a scroll of acquirement
  6919 | D:8      | Acquired 853 gold pieces
  7358 | D:1      | Bought a crystal mace for 224 gold pieces
  7358 | D:1      | Identified the +5 mace of the Demagogue {pain, rC+ rN+ SInv
                  | Stlth+} (You bought it in a shop on level 1 of the Dungeon)
  7423 | D:1      | Bought 2 scrolls of identify for 48 gold pieces
  7423 | D:1      | Bought a scroll of blinking for 90 gold pieces
  7423 | D:1      | Bought a scroll of identify for 24 gold pieces
  7495 | D:1      | Bought a potion of berserk rage for 65 gold pieces
  7495 | D:1      | Bought an amulet of the acrobat for 390 gold pieces
  7745 | D:9      | Reached XP level 11. HP: 67/67 MP: 11/11
  7813 | D:9      | Found a bloodstained altar of Trog.
  7822 | D:9      | Reached skill level 6 in Maces & Flails
  7834 | D:9      | Reached skill level 1 in Stealth
  7902 | D:9      | Identified the +1 buckler of Fiopsacs {Str+6}
  7975 | D:9      | Reached skill level 7 in Maces & Flails
  8172 | D:9      | Reached skill level 8 in Maces & Flails
  8235 | D:10     | Entered Level 10 of the Dungeon
  8300 | D:10     | Found a flagged portal.
  8313 | Bailey   | Entered a bailey
  8720 | Bailey   | Reached skill level 9 in Maces & Flails
  8943 | Bailey   | Identified the +7 bardiche of Analysis {venom, rPois rN++
                  | Int+5}
  8946 | Bailey   | Acquired a +1 pair of gloves of strength
  9294 | D:10     | Found a runed translucent door.
  9294 | D:10     | Noticed alcopop's ghost (journeyman DjTm)
  9309 | D:10     | Reached skill level 10 in Maces & Flails
  9349 | D:10     | Found a staircase to the Lair.
  9381 | D:10     | Killed from afar by alcopop's ghost

Illustrated notes

Levels and vault maps discovered:
D:1:      spicycebolla_arrival_risky_transporter, layout_basic, serial_shops,
          shop, nicolae_shop_statue_plus, nicolae_shop_trees,
          nicolae_square_shop
D:2:      layout_rooms
D:3:      layout_basic, serial_corexii_hall, corexii_hall_statues_x,
          corexii_hall_statues_i, chequers_hall_statues_y,
          chequers_hall_statues_wall_a,
          shapermc_ecumenical_altar_mp_urbaneastern, uniq_robin
D:4:      layout_loops_ring, lightli_ossuary_entry_decrepit_ruins,
          dilly_guarded_unrand_throatcut, uniq_eustachio, uniq_natasha,
          uniq_pikel
D:5:      layout_basic, hangedman_abyss_or_decor_stabs, uniq_sigmund
D:6:      layout_loops_corners
D:7:      layout_gridville, nicolae_overflow_squiral, temple_hall, minivault_22,
          minmay_misc_feat_hallway
D:8:      layout_layer_cave, minmay_manual_mail, uniq_psyche
D:9:      layout_roguey, trog_ov_bears_minmay
D:10:     layout_grid_maze, hellmonk_lair_entry_icy, orc_0_dummy,
          enter_bailey_7, gammafunk_ghost_grave
Temple:   hellmonk_temple_divided_pantheon

Skill      XL: |  1  2  3  4  5  6  7  8  9 10 11 |
---------------+----------------------------------+-----
Axes           | 2 3 4 5 |  5.8
Armour         | 4 5 7 8 |  8.3
Fighting       | 4 6 7 |  7.2
Dodging        | 1 2 4 |  4.1
Polearms       | 1 2 6 7 |  7.2
Shields        | 4 6 7 |  7.0
Throwing       | 2 |  2.5
Evocations     | 5 6 7 |  7.0
Maces & Flails | 5 10 | 10.3
Stealth        | 2 |  2.5

Action                     |  1- 3 |  4- 6 |  7- 9 | 10-12 || total
---------------------------+-------+-------+-------+-------++-------
  Melee: War axe           |   124 |    52 |       |       ||   176
         Hand axe          |       |    30 |    13 |       ||    43
         Spear             |       |    28 |   332 |       ||   360
         Morningstar       |       |       |     5 |   347 ||   352
  Throw: Boomerang         |       |       |    27 |    10 ||    37
  Evoke: Wand              |       |       |       |    12 ||    12
    Use: Potion            |       |     5 |     2 |     4 ||    11
         Scroll            |       |     2 |    15 |    10 ||    27
   Stab: Distracted        |       |       |       |     6 ||     6
         Invisible         |       |       |       |     3 ||     3
 Armour: Scale mail        |    82 |    85 |     9 |       ||   176
         Skin              |       |       |     2 |       ||     2
         Chain mail        |       |       |   158 |   260 ||   418
         Crystal plate arm |       |       |       |    31 ||    31
  Dodge: Dodged            |    73 |    71 |   111 |   261 ||   516
  Block: Buckler           |    33 |    30 |    44 |   156 ||   263

Table legend: (Time is in decaauts)
 A = Elapsed time spent in this place.
 B = Non-inter-level travel time spent in this place.
 C = Inter-level travel time spent in this place.
 D = Time resting spent in this place.
 E = Time spent auto-exploring this place.
 F = Levels seen in this place.
 G = Mean time per level.
                   A        B        C        D        E       F      G
               +--------+--------+--------+--------+--------+-----+--------+
         Total |   9448 |   9132 |    316 |    419 |   3226 |  13 |  726.8 |
       Dungeon |   7907 |   7591 |    316 |      0 |   3117 |  10 |  790.7 |
        Temple |     36 |     36 |      0 |      0 |      0 |   1 |   36.0 |
       Ossuary |    608 |    608 |      0 |    358 |      0 |   1 |  608.0 |
        Bailey |    895 |    895 |      0 |     61 |    109 |   1 |  895.0 |
               +--------+--------+--------+--------+--------+-----+--------+

Top non-repeatable levels by time:
     D:8: 1274 daAuts
     D:7: 1021 daAuts
     D:6: 948 daAuts
     D:1: 927 daAuts
  Bailey: 895 daAuts
     D:3: 889 daAuts
     D:4: 868 daAuts
     D:5: 637 daAuts
 Ossuary: 608 daAuts
     D:9: 560 daAuts
     D:2: 512 daAuts
    D:10: 267 daAuts
  Temple: 36 daAuts
